 Dungeon Crawl Stone Soup version 0.29-a0-885-gb26ba3297d (webtiles) character file.

Game seed: 2835024187287865987

11344 funkygono the Geomancer (level 11, -1/63 HPs)
             Began as a Gargoyle Earth Elementalist on July 20, 2022.
             Was a Believer of Vehumet.
             Slain by a troll (9 damage)
             ... on level 11 of the Dungeon.
             The game lasted 00:30:17 (12363 turns).

funkygono the Geomancer (GrEE)                     Turns: 12363, Time: 00:30:18

Health: -1/63      AC: 25    Str: 13    XL:     11   Next: 76%
Magic:  22/33      EV: 11    Int: 19    God:    Vehumet [**....]
Gold:   453        SH:  0    Dex: 15    Spells: 7/28 levels left

rFire   . . .      SeeInvis +   B - +3 mace (venom)
rCold   . . .      Faith    .   h - orb {mayhem}
rNeg    + . .      Spirit   .   A - quicksilver dragon scales
rPois   ∞          Reflect  .   x - +2 helmet "Cuxoghud" {-Tele Dex+5}
rElec   +          Harm     .   (no cloak)
rCorr   .          Rampage  .   (no gloves)
Will    +....      NoTele   +   J - +2 pair of boots
Stlth   +.........              o - amulet of magic regeneration
HPRegen 0.20/turn               v - ring of see invisible
MPRegen 0.63/turn               m - ring of magical power

@: very slightly contaminated
A: sickness immunity, AC +8, negative energy resistance 1, electricity
resistance, torment resistance 1, petrification resistance
a: Renounce Religion


You were on level 11 of the Dungeon.
You worshipped Vehumet.
Vehumet was pleased with you.
You visited 3 branches of the dungeon, and saw 14 of its levels.
You also visited: Ossuary.

You collected 768 gold pieces.
You spent 315 gold pieces at shops.

Inventory:

Hand Weapons
 d - a +2 whip
 B - a +3 mace of venom (weapon)
Armour
 h - an orb of mayhem (worn)
 x - the +2 helmet "Cuxoghud" (worn) {-Tele Dex+5}
   (You found it on level 6 of the Dungeon)

   Dex:       It affects your dexterity (+5).
   -Tele:     It prevents most forms of teleportation.
 A - quicksilver dragon scales (worn)
 C - a +2 robe of cold resistance
 J - a +2 pair of boots (worn)
Magical Staves
 u - a staff of earth
Jewellery
 f - a ring of protection from fire
 l - a +4 ring of evasion
 m - a ring of magical power (right hand)
 o - an amulet of magic regeneration (around neck)
 v - a ring of see invisible (left hand)
 K - a ring of protection from cold
Wands
 i - a wand of mindburst (16)
 s - a wand of paralysis (12)
 t - a wand of roots (20)
 w - a wand of digging (5)
 M - a wand of quicksilver (8)
Scrolls
 j - a scroll of enchant weapon
 p - 11 scrolls of teleportation
 q - 3 scrolls of enchant armour
 r - 2 scrolls of fear
 z - a scroll of magic mapping
 G - a scroll of blinking
 L - a scroll of poison
 N - 2 scrolls of amnesia
Potions
 a - 2 potions of degeneration {unknown}
 b - a potion of magic
 c - a potion of brilliance
 e - 6 potions of heal wounds
 g - 4 potions of resistance
 k - 16 potions of curing
 n - a potion of lignification {unknown}
 F - 2 potions of flight {unknown}
 H - a potion of might {unknown}
 I - 4 potions of berserk rage {unknown}
Miscellaneous
 y - a piece from Xom's chessboard (15/15)


   Skills:
 + Level 5.0 Fighting
 + Level 4.3 Maces & Flails
 + Level 4.8 Armour
 + Level 3.0 Dodging
 - Level 2.1 Stealth
 + Level 9.4 Spellcasting
 + Level 8.5 Conjurations
 + Level 0.7 Transmutations
 + Level 5.9 Fire Magic
 + Level 10.3 Earth Magic


You had 7 spell levels left.
You knew the following spells:

 Your Spells              Type           Power      Damage    Failure   Level
a - Sandblast             Erth           96%        2d20      1%          1
b - Stone Arrow           Conj/Erth      88%        3d12      1%          3
c - Foxfire               Conj/Fire      100%       2x1d9     1%          1
d - Scorch                Fire           62%        2d8       1%          2
e - Flame Wave            Conj/Fire      36%        2d9       8%          4
f - Iron Shot             Conj/Erth      22%        9d5       45%         6
g - Magic Dart            Conj           100%       1d8       1%          1
h - Ignite Poison         Fire/Tmut/Pois 17%        N/A       19%         3

Your spell library contained the following spells:

 Spells                   Type           Power      Damage    Failure   Level
 Passwall                 Tmut/Erth      25%        N/A       2%          2
 Conjure Flame            Conj/Fire      36%        6-21      2%          3
 Beastly Appendage        Tmut           22%        N/A       12%         1
 Inner Flame              Hex/Fire       20%        N/A       14%         3
 Petrify                  Tmut/Erth      30%        N/A       16%         4
 Wereblood                Tmut           11%        N/A       17%         2
 Animate Armour           Summ/Erth      56%        N/A       19%         4
 Hailstorm                Conj/Ice       25%        3d7       26%         4
 Spider Form              Tmut/Pois      10%        N/A       38%         3
 Irradiate                Conj/Tmut      13%        3d16      54%         5
 Ice Form                 Ice/Tmut       10%        N/A       80%         4
 Blade Hands              Tmut           5%         N/A       97%         5
 Summon Forest            Summ/Tloc      4%         N/A       99%         5
 Summon Mana Viper        Hex/Summ       8%         N/A       99%         5
 Simulacrum               Ice/Necr       4%         N/A       100%        6
 Summon Cactus Giant      Summ           4%         N/A       100%        6
 Dragon Form              Tmut           5%         N/A       100%        7
 Summon Hydra             Summ           4%         N/A       100%        7
 Sublimation of Blood     Necr           Unusable   N/A       N/A         2

Dungeon Overview and Level Annotations

Branches:
Dungeon (11/15)            Temple (1/1) D:7            Lair (2/5) D:8
Ossuary (visited)
  Swamp: Lair:2-3    Shoals: Lair:2-3     Snake: Lair:2-3    Spider: Lair:2-3
    Orc: D:9-12

Altars:
Ashenzari
Cheibriados
Dithmenos
Elyvilon
Fedhas
Gozag
Hepliaklqana
Kikubaaqudgha
Makhleb
Nemelex Xobeh
Okawaru
Qazlal
Ru
Sif Muna
Trog
Uskayaw
Vehumet
Wu Jian
Xom
Yredelemnul
Zin
The Shining One

Shops:
D:6 (*   D:8 *   D:9 =   D:11 =


Innate Abilities, Weirdness & Mutations

You are immune to sickness and miasma.
Your stone body is resilient. (AC +8)
You are immune to poison.
You resist negative energy. (rN+)
You are resistant to electric shocks. (rElec)
You are resistant to unholy torment.
You are immune to petrification.


Message History

Casting: Flame Wave (dangerous; 9% risk of failure)
Press: ? - help, Dir - look around, f - activate A wave of flame ripples out!
The flame wave engulfs the troll!
The troll is moderately wounded.
The flame wave engulfs the two-headed ogre.
The two-headed ogre is heavily wounded.
The flame wave engulfs the manticore.
The manticore is almost dead. (Press . to intensify the flame waves.)
You hear a roar!
You hear a bellow!
The manticore barely misses you. The manticore completely misses you.
The manticore claws you but does no damage.
The troll bites you but does no damage.
The troll claws you but does no damage. x2
A wave of flame ripples out!
The flame wave engulfs the troll!
The troll is heavily wounded.
The flame wave engulfs the two-headed ogre!
The two-headed ogre is severely wounded.
The flame wave engulfs the manticore!
You kill the manticore!
Vehumet accepts your kill.
The flame wave engulfs the boulder beetle but does no damage.
The boulder beetle is almost dead.
You hear a bellow!
The troll bites you.
The troll claws you but does no damage. x2
The two-headed ogre barely misses you.
The two-headed ogre hits you but does no damage.
A wave of flame ripples out!
The flame wave engulfs the troll.
The troll is severely wounded.
The flame wave engulfs the two-headed ogre.
The two-headed ogre is severely wounded.
The flame wave engulfs the boulder beetle.
You kill the boulder beetle!
Vehumet accepts your kill.
You feel your power returning.
The troll flies into a frenzy!
You finish channelling waves of flame.
The troll bites you!!
* * * LOW HITPOINT WARNING * * *
The troll misses you. The troll claws you but does no damage.
A four-headed hydra comes into view.
The troll bites you!
You die...

#.≈≈≈≈≈≈≈..........[..
.....≈≈.≈............
#..≈.≈..≈..........#
#....≈..≈..........##
.....≈.≈............#
#...≈≈......#....##.
#...≈.....#......#
....≈≈...###...###
##..≈.......#...@#
###≈≈.#........TO†......
..#≈##..............##..
..#≈#................#
...≈..#.............##
....≈.................
.#..≈..............#...
.#..............D.##...
.(...........


You could see a four-headed hydra, a two-headed ogre and a neutral troll (fast,
strong, insane).

Vanquished Creatures
  A boulder beetle (D:11)
  2 two-headed ogres
  Sonja (D:10)
  An ugly thing (D:10)
  A manticore (D:11)
  A cane toad (Lair:1)
  2 komodo dragons (Lair:1)
  Grinder (D:3)
  3 blink frogs (Lair:1)
  2 shadows (D:9)
  2 wyverns (D:8)
  A wraith (D:10)
  5 yaks
  A steam dragon (D:9)
  An acid dragon (D:10)
  4 water moccasins (D:8)
  Duvessa (D:4)
  A sky beast (D:7)
  2 ice beasts
  2 orc warriors
  The ghost of Vorhees the Insei, an amateur DjTm (D:3)
  2 centaurs
  2 ogres
  2 phantoms (D:5)
  3 kobold brigands
  2 bullfrogs (D:7)
  A wyvern zombie (Ossuary)
  A necrophage (D:4)
  A gnoll sergeant (D:8)
  4 scorpions (D:6)
  A water moccasin zombie (Ossuary)
  Dowan (D:4)
  10 killer bees
  2 howler monkeys
  7 bullfrog zombies (Ossuary)
  A jelly (D:8)
  3 centaur zombies (Ossuary)
  A gnoll bouda (D:8)
  2 hounds (D:6)
  14 mummies (Ossuary)
  7 orc priests
  5 iguanas
  15 orc wizards
  A killer bee zombie (Ossuary)
  3 howler monkey zombies (Ossuary)
  11 gnolls
  12 adders
  3 shadow imps (D:5)
  A white imp (D:6)
  An ufetubus (D:7)
  2 worms
  A dart slug (D:5)
  29 orcs
  4 bats
  7 endoplasms
  2 giant cockroaches
  6 goblins
  5 hobgoblins
  2 jackals (D:2)
  19 kobolds
  2 quokkas
  5 ball pythons
  3 frilled lizards
  2 rats
244 creatures vanquished.

Vanquished Creatures (collateral kills)
  A wyvern (D:8)
  4 yaks
  A water moccasin (D:8)
  2 killer bees (D:9)
  A howler monkey (D:7)
  2 gnolls (D:8)
  3 orcs
  2 kobolds (D:9)
16 creatures vanquished.

Vanquished Creatures (others)
  2 yaks
  5 bushes (D:8)
  187 foxfires
  4 fungi (D:8)
  20 plants
  5 withered plants (Ossuary)
223 creatures vanquished.

Grand Total: 483 creatures vanquished

Notes
Turn   | Place    | Note
-------+----------+-------------------------------------------
     0 | D:1      | funkygono the Gargoyle Earth Elementalist began the quest
                  | for the Orb.
     0 | D:1      | Reached XP level 1. HP: 10/10 MP: 3/3
   251 | D:1      | Reached skill level 4 in Earth Magic
   275 | D:1      | Reached XP level 2. HP: 16/16 MP: 0/5
  1369 | D:2      | Reached skill level 1 in Fighting
  1369 | D:2      | Reached XP level 3. HP: 20/20 MP: 3/6
  1811 | D:2      | Reached XP level 4. HP: 21/25 MP: 3/8
  2265 | D:3      | Noticed Grinder
  2285 | D:3      | Killed Grinder
  2286 | D:3      | Reached skill level 1 in Maces & Flails
  2286 | D:3      | Reached skill level 5 in Earth Magic
  2286 | D:3      | Reached XP level 5. HP: 18/30 MP: 2/10
  2286 | D:3      | Reached XP level 6. HP: 21/35 MP: 2/11
  2489 | D:3      | Found a blossoming altar of Fedhas.
  2572 | D:3      | Found a sparkling altar of Nemelex Xobeh.
  2633 | D:3      | Found a faded altar of an unknown god.
  2722 | D:3      | Reached skill level 6 in Earth Magic
  2973 | D:3      | Found a runed translucent door.
  2979 | D:3      | Noticed Vorhees's ghost (amateur DjTm)
  3093 | D:3      | Killed Vorhees's ghost
  3094 | D:3      | Reached XP level 7. HP: 26/40 MP: 13/13
  4012 | D:4      | Reached skill level 5 in Spellcasting
  4189 | D:4      | Found a bloodstained altar of Trog.
  4358 | D:4      | Noticed Dowan
  4359 | D:4      | Noticed Duvessa
  4372 | D:4      | Killed Duvessa
  4373 | D:4      | Reached skill level 7 in Earth Magic
  4373 | D:4      | Reached XP level 8. HP: 45/46 MP: 16/16
  4374 | D:4      | Killed Dowan
  4382 | D:4      | Learned a level 3 spell: Stone Arrow
  4384 | D:4      | Learned a level 1 spell: Foxfire
  4431 | D:5      | Entered Level 5 of the Dungeon
  5020 | D:5      | Reached skill level 1 in Conjurations
  5073 | D:6      | Reached skill level 1 in Fire Magic
  5073 | D:6      | Identified the +2 helmet "Cuxoghud" {-Tele Dex+5}
  5261 | D:6      | Found a sand-covered staircase.
  5270 | Ossuary  | Entered an ossuary
  5294 | Ossuary  | Reached skill level 8 in Earth Magic
  5385 | Ossuary  | Reached XP level 9. HP: 48/52 MP: 14/18
  5388 | Ossuary  | Reached skill level 1 in Armour
  5869 | Ossuary  | Learned a level 2 spell: Scorch
  5874 | Ossuary  | Learned a level 4 spell: Flame Wave
  6047 | D:6      | Found Iqeot's Antique Weapon Boutique.
  6279 | D:6      | Found Haefa's Assorted Antiques.
  6282 | D:6      | Bought a potion of heal wounds for 120 gold pieces
  6565 | D:7      | Found a staircase to the Ecumenical Temple.
  6650 | Temple   | Entered the Ecumenical Temple
  6661 | Temple   | Became a worshipper of Vehumet
  6892 | D:7      | Found a glowing golden altar of the Shining One.
  6901 | D:7      | Reached skill level 9 in Earth Magic
  7285 | D:7      | Found an iron altar of Okawaru.
  7399 | D:7      | You fall into a shaft and drop 3 floors!
  7399 | D:10     | Entered Level 10 of the Dungeon
  7401 | D:10     | Noticed a two-headed ogre
  7405 | D:10     | Killed a two-headed ogre
  7406 | D:10     | Reached skill level 5 in Conjurations
  7406 | D:10     | Reached XP level 10. HP: 40/58 MP: 19/21
  7611 | D:8      | Noticed a two-headed ogre
  7612 | D:8      | Reached * piety under Vehumet
  7612 | D:8      | Offered knowledge of Magic Dart by Vehumet.
  7621 | D:8      | Killed a two-headed ogre
  7757 | D:8      | Found Heirups's Assorted Antiques.
  8077 | D:7      | Learned a level 6 spell: Iron Shot
  8079 | D:7      | Learned a level 1 spell: Magic Dart
  8295 | D:8      | Found a staircase to the Lair.
  8370 | D:8      | Reached skill level 5 in Fire Magic
  8519 | D:8      | Reached XP level 11. HP: 62/62 MP: 23/23
  8615 | D:8      | Offered knowledge of Freeze by Vehumet.
  8616 | D:8      | Reached ** piety under Vehumet
  8750 | D:8      | Bought a scroll of enchant weapon for 195 gold pieces
  9219 | Lair:1   | Entered Level 1 of the Lair of Beasts
  9766 | Lair:1   | Reached skill level 10 in Earth Magic
 10165 | Lair:1   | You fall into a shaft and drop 1 floor!
 11051 | D:9      | Found a hazy altar of Hepliaklqana.
 11051 | D:9      | Found a shimmering blue altar of Sif Muna.
 11113 | D:9      | Found Erokaap's Jewellery Boutique.
 11445 | D:10     | Noticed Sonja
 11446 | D:10     | Killed Sonja
 11795 | D:10     | Offered knowledge of Ignite Poison by Vehumet.
 12059 | D:10     | Found a broken altar of Ashenzari.
 12059 | D:10     | Found a snail-covered altar of Cheibriados.
 12060 | D:10     | Found a shadowy altar of Dithmenos.
 12078 | D:10     | Learned a level 3 spell: Ignite Poison
 12086 | D:11     | Noticed a cyan ugly thing
 12086 | D:11     | Found Dausimenk's Jewellery Shop.
 12093 | D:11     | Reached skill level 5 in Fighting
 12098 | D:10     | Killed a cyan ugly thing
 12341 | D:11     | Noticed a manticore
 12348 | D:11     | Noticed a boulder beetle
 12348 | D:11     | Noticed a two-headed ogre
 12362 | D:11     | Killed a manticore
 12363 | D:11     | Killed a boulder beetle
 12363 | D:11     | Noticed a four-headed hydra
 12363 | D:11     | Slain by a troll

Illustrated notes

Levels and vault maps discovered:
D:1:      dpeg_arrival_water_fire, layout_basic, minmay_misc_feat_ornament
D:2:      layout_loops_cross, st_stairs_14
D:3:      layout_loops_ring, fedhas_altar_2, nemelex_spade_bored_becter,
          ebering_ghost_sewer_d, dreamdust_ecumenical_altar_statues,
          uniq_grinder
D:4:      layout_rooms, mainiacjoe_overflow_surrounded_room, uniq_duvessa
D:5:      layout_gridville, minmay_misc_feat_cross, hellmonk_bongcloud_opening
D:6:      layout_rooms, enter_ossuary_1, serial_shops,
          nicolae_shop_behind_doors, shop, minmay_misc_feat_x,
          skrybe_limestone_x
D:7:      layout_basic, mainiacjoe_overflow_alcove_2,
          mainiacjoe_overflow_brackets, minmay_temple_entry_poolview
D:8:      layout_loops_ring, minmay_lair_entry_grove, serial_shops,
          kennysheep_little_box, minivault_5
D:9:      layout_long_grid, gammafunk_temple_overflow_pools, serial_shops,
          nicolae_shop_crystal
D:10:     layout_roguey, nicolae_overflow_hidden_temple,
          hangedman_abyss_or_decor_stagger, uniq_sonja
D:11:     layout_cave_pools, serial_ice, serial_ice_a, serial_ice_k,
          serial_ice_c, serial_ice_h, gammafunk_ghost_icy, serial_shops, shop,
          nicolae_ru_path_of_blood
Temple:   hellmonk_temple_flake
Lair:1:   layout_concentric_octagons
Lair:2:   layout_hall_layers, spider_nest_entry_web_field, basic_altar,
          roderic_batcave, st_stairs_11

Skill      XL: |  1  2  3  4  5  6  7  8  9 10 11 |
---------------+----------------------------------+-----
Earth Magic    | 4 5 6 7 8 9 10 | 10.3
Fighting       | 1 2 3 4 5 |  5.0
Maces & Flails | 1 2 3 4 |  4.3
Spellcasting   | 3 4 5 6 7 8 9 |  9.4
Dodging        | 2 3 |  3.0
Conjurations   | 1 5 7 8 |  8.5
Fire Magic     | 1 4 5 |  5.9
Armour         | 2 3 4 |  4.8
Stealth        | |  2.1
Transmutations | |  0.7

Action                   |  1- 3 |  4- 6 |  7- 9 | 10-12 || total
-------------------------+-------+-------+-------+-------++-------
Melee: Whip              |    34 |    44 |   106 |       ||   184
       Punch             |       |     1 |       |       ||     1
       Mace              |       |       |     1 |    65 ||    66
 Cast: Sandblast         |    45 |    39 |   105 |    24 ||   213
       Foxfire           |       |       |    52 |    57 ||   109
       Stone Arrow       |       |       |    73 |    81 ||   154
       Scorch            |       |       |     3 |     1 ||     4
       Magic Dart        |       |       |       |     7 ||     7
       Flame Wave        |       |       |       |    12 ||    12
Evoke: Wand              |       |       |       |     1 ||     1
  Use: Scroll            |     2 |     4 |    11 |     6 ||    23
       Potion            |       |       |     1 |       ||     1
 Stab: Distracted        |       |       |     1 |     1 ||     2
Armor: Robe              |    19 |    15 |    20 |       ||    54
       Quicksilver drago |       |       |    59 |    92 ||   151
Dodge: Dodged            |    41 |    47 |   151 |    70 ||   309

Table legend: (Time is in decaauts)
 A = Elapsed time spent in this place.
 B = Non-inter-level travel time spent in this place.
 C = Inter-level travel time spent in this place.
 D = Time resting spent in this place.
 E = Time spent auto-exploring this place.
 F = Levels seen in this place.
 G = Mean time per level.
                   A        B        C        D        E       F      G
               +--------+--------+--------+--------+--------+-----+--------+
         Total |  12637 |  12342 |    295 |    450 |   9696 |  15 |  842.5 |
       Dungeon |  10502 |  10239 |    263 |    409 |   7999 |  11 |  954.7 |
        Temple |    152 |    142 |     10 |      0 |    122 |   1 |  152.0 |
          Lair |   1307 |   1286 |     21 |     25 |   1184 |   2 |  653.5 |
       Ossuary |    674 |    674 |      0 |     16 |    390 |   1 |  674.0 |
               +--------+--------+--------+--------+--------+-----+--------+

Top non-repeatable levels by time:
     D:3: 1721 daAuts
     D:1: 1388 daAuts
     D:8: 1358 daAuts
  Lair:1: 1291 daAuts
     D:7: 1227 daAuts
     D:2: 973 daAuts
     D:9: 935 daAuts
    D:10: 934 daAuts
     D:6: 710 daAuts
 Ossuary: 674 daAuts
     D:5: 640 daAuts
     D:4: 495 daAuts
  Temple: 152 daAuts
    D:11: 118 daAuts
  Lair:2: 16 daAuts
